 Dungeon Crawl Stone Soup version 0.32-a0-913-g739538afd8 (webtiles) character file.

Game seed: 14139029925625977002

1 ezpacito the Chopper (level 1, 0/18 HPs)
             Began as a Coglin Chaos Knight on Apr 8, 2024.
             Was a Plaything of Xom.
             Slain by a gnoll
             ... wielding a +1 flail of holy wrath
              (11 damage)
             ... on level 1 of the Dungeon.
             The game lasted 00:00:13 (251 turns).

ezpacito the Chopper (Coglin Chaos Knight)           Turns: 251, Time: 00:00:13

Health: 0/18       AC:  5    Str: 12    XL:     1   Next: 20%
Magic:  1/1        EV: 10    Int: 11    God:    Xom [..*...]
Gold:   12         SH:  0    Dex: 13    Spells: 0/0 levels left

rFire   . . .        a - +0 hand axe (chaos) {Chidori}
rCold   . . .        d - +0 dagger {Malena}
rNeg    . . .        b - +2 leather armour
rPois   .            (no helmet)
rElec   .            (no cloak)
rCorr   .            (no gloves)
SInv    .            (no boots)
Will    .....        (amulet unavailable)
Stlth   +            (ring unavailable)
HPRegen 0.23/turn    (ring unavailable)
MPRegen 0.07/turn    (no gizmo)

%: no passive effects
@: revving
A: off-hand wielding, slow wielding, warmup strikes, no jewellery
a: Invent Gizmo, Renounce Religion


You were on level 1 of the Dungeon.
You worshipped Xom.
You were a toy of Xom.
You visited 1 branch of the dungeon, and saw 1 of its levels.

You collected 12 gold pieces.

Inventory:

Hand Weapons
 a - a +0 hand axe of chaos (weapon) {Chidori}
 d - a +0 dagger (offhand) {Malena}
Armour
 b - a +2 leather armour (worn)
 e - a +1 pair of gloves
Scrolls
 c - a scroll of butterflies
 f - a scroll of immolation {unknown}
 g - a scroll of revelation {unknown}
 h - a scroll of identify {unknown}


   Skills:
 * Level 3.0 Fighting
 * Level 3.0 Axes
 * Level 0.0(1.5) Polearms
 * Level 1.7 Armour
 * Level 0.9 Dodging
 + Level 0.0 Stealth
 + Level 0.0 Spellcasting


You couldn't memorise any spells.
You didn't know any spells.
Your spell library was empty.

Dungeon Overview and Level Annotations

Branches:
Dungeon (1/15)

Altars:


Innate Abilities, Weirdness & Mutations

You can wield a second weapon in your off-hand.
It takes a long time for you to wield or remove held weapons.
Your first few attacks do less damage.
You cannot equip rings or amulets.


Message History

Found a stone staircase leading down.
Search for what [? for help]? alt You enter the shallow water.
Moving in this stuff is going to be slow.
There is a faded altar of an unknown god here.
This altar belongs to (a) Elyvilon, (b) Xom or (c) Vehumet, but you can't tell which.
Press the corresponding letter to learn more about a god, or press enter to convert or escape to cancel.
Okay, then.
You enter the shallow water.
Moving in this stuff is going to be slow.
You open the door.
There is an open door here.
As you open the door, it creaks loudly!
A gnoll comes into view.
It is wielding a +1 flail of holy wrath.
A gnoll is nearby!
A gnoll is nearby!
A gnoll is nearby!
There is an open door here.
The gnoll misses you.
You barely miss the gnoll with your +0 hand axe of chaos.
You hit the gnoll with your +0 dagger.
The gnoll hits you with a +1 flail of holy wrath!
A shower of butterflies erupts from you!
The gnoll barely misses you.
You take 7 damage, and have 11/18 hp.
MASSIVE DAMAGE!!
You are too injured to fight recklessly!
You are too injured to fight recklessly!
You are too injured to fight recklessly!
You are too injured to fight recklessly!
You are too injured to fight recklessly!
You are too injured to fight recklessly!
You are too injured to fight recklessly!
You are too injured to fight recklessly!
You are too injured to fight recklessly!
You closely miss the gnoll with your +0 dagger.
The gnoll is lightly wounded.
You closely miss the gnoll with your +0 hand axe of chaos.
The gnoll hits you with a +1 flail of holy wrath!
Ouch! That really hurt!
You die...
Xom bursts into laughter!

#####....# #.....#
#.#....
.........#.#...####.###
#.#.###
.........#.#...##...#
#...#
.....#.###.#...##.###
###.#.# .....#.#
#.#...##...### #...#...
.....#.#
#.#...####.#.###.#######
.....#.# #.#...#
#.............. .....#.#
#.#b..##################
######.# #.'.b.b@gb.....
#.###.#..b####.#...
######......##.#
.............#.#
...........#...#
)..........##..##
.............#..###
~............#....#
~......#.....#.##.#


You could see a gnoll (ally target).

Vanquished Creatures
  A goblin (D:1)
1 creature vanquished.

Notes
Turn   | Place    | Note
-------+----------+-------------------------------------------
     0 | D:1      | ezpacito the Coglin Chaos Knight began the quest for the
                  | Orb.
     0 | D:1      | Reached XP level 1. HP: 18/18 MP: 1/1
   101 | D:1      | Found a faded altar of an unknown god.
   110 | D:1      | XOM: divination: detect items
   250 | D:1      | XOM: butterfly on damage
   251 | D:1      | Slain by a gnoll

Illustrated notes

Levels and vault maps discovered:
D:1:      elethiomel_arrival_maze, layout_basic,
          hellmonk_ecumenical_altar_pennies_from_heaven, hangedman_glass_teeth

Action                     || total
---------------------------++-------
  Melee: Dagger            ||     8
         Hand axe          ||     7
 Armour: Leather armour    ||     6
  Dodge: Dodged            ||     3

Table legend: (Time is in decaauts)
 A = Elapsed time spent in this place.
 B = Non-inter-level travel time spent in this place.
 C = Inter-level travel time spent in this place.
 D = Time resting spent in this place.
 E = Time spent auto-exploring this place.
 F = Levels seen in this place.
 G = Mean time per level.
                   A        B        C        D        E       F      G
               +--------+--------+--------+--------+--------+-----+--------+
         Total |    254 |    233 |     21 |      0 |    209 |   1 |  254.0 |
       Dungeon |    254 |    233 |     21 |      0 |    209 |   1 |  254.0 |
               +--------+--------+--------+--------+--------+-----+--------+

Top non-repeatable levels by time:
     D:1: 254 daAuts
